 Dungeon Crawl Stone Soup version 0.22-a0-580-gd5db89c09a (webtiles) character file.

960 Kholdaimon the Carver (level 8, -7/58 HPs)
             Began as a Merfolk Gladiator on July 3, 2018.
             Mangled by an orc warrior
             ... wielding a +2 halberd of chopping
              (11 damage)
             ... on level 6 of the Dungeon.
             The game lasted 00:22:14 (4650 turns).

Kholdaimon the Carver (Merfolk Gladiator)           Turns: 4650, Time: 00:22:14

Health: -7/58      AC:  6    Str: 15    XL:     8   Next: 14%
Magic:  8/8        EV: 19    Int:  9    God:
Gold:   248        SH:  0    Dex: 15    Spells: 7/7 levels left

rFire    . . .     SeeInvis .   a - +1 long sword
rCold    . . .     Gourm    .   (no shield)
rNeg     . . .     Faith    .   w - +0 ring mail
rPois    .         Spirit   .   c - +0 helmet
rElec    .         Reflect  .   (no cloak)
rCorr    .         Harm     .   (no gloves)
MR       .....                  (no boots)
Stlth    +.........             (no amulet)
HPRegen  0.19/turn              x - +4 ring of evasion
MPRegen  0.11/turn              D - ring of flight

@: no status effects
A: change form in water, swift swim, stealthy swim
a: Evoke Flight


You were on level 6 of the Dungeon.
You were not hungry.

You visited 1 branch of the dungeon, and saw 6 of its levels.

You collected 248 gold pieces.

Inventory:

Hand Weapons
 a - a +1 long sword (weapon)
 g - a +0 hunting sling of freezing
 l - a +1 mace of holy wrath
 p - a +0 hunting sling
 y - a +1 dagger of venom
 C - a +0 dagger of venom
Missiles
 d - 3 throwing nets
 e - 165 stones
 k - 7 tomahawks (quivered)
 r - 6 poisoned needles
 A - 3 poisoned tomahawks
Armour
 c - a +0 helmet (worn)
 v - a +0 shield
 w - a +0 ring mail (worn)
Jewellery
 h - an uncursed amulet of rage
 x - a +4 ring of evasion (left hand)
 D - a ring of flight (right hand)
Wands
 s - a wand of random effects (31)
Scrolls
 b - 2 scrolls of amnesia
 j - 2 scrolls of enchant weapon
 n - a scroll of remove curse
 o - a scroll of magic mapping
Potions
 i - 3 potions of brilliance {unknown}
 m - a potion of flight {unknown}
 q - a potion of mutation
 t - a potion of heal wounds
 u - a potion of ambrosia {unknown}
 z - a potion of haste {unknown}
Comestibles
 f - 9 rations


   Skills:
 - Level 3.0 Fighting
 * Level 8.7 Long Blades
 - Level 2.0 Throwing
 + Level 7.7 Dodging


You had 7 spell levels left.
You didn't know any spells.
Your spell library was empty.

Dungeon Overview and Level Annotations

Branches:
Dungeon (6/15)
 Temple: D:4-7

Altars:
Makhleb
Qazlal
Uskayaw
Xom

Shops:
D:5 [(=(=


Message History

The centaur shoots an arrow.
The arrow barely misses you.
The arrow hits the bullfrog!
The bullfrog misses you.
The centaur shoots an arrow.
The arrow closely misses you.
You see here an arrow.
The bullfrog hits you. The bullfrog closely misses you.
There is a stone staircase leading up here.
You slash the bullfrog!
You kill the bullfrog!
The centaur shoots an arrow.
The arrow closely misses you.
The centaur unwields an uncursed shortbow.
The centaur misses you.
The orc warrior hits you from afar with a halberd of chopping!!
* * * LOW HITPOINT WARNING * * *
x2 You see here a bullfrog corpse.
You hit the centaur.
The centaur is moderately wounded.
The centaur misses you.
The orc warrior hits you from afar with a halberd of chopping!
You die...

########## .........#
########.# ######.##
#.......### #........(#
#+ #..###..#.# .o.
#..###..#<# ....
#.......#@# .....
#....##.#c#
......##.....#.#o######
..>...'..oo.oo(oo...c...
#8.8#######......#######
. #.###### #.. ####


You could see an orc warrior, a centaur and 2 orcs.

Vanquished Creatures
  Sigmund (D:5)
  An ice beast (D:5)
  An ogre (D:4)
  A bullfrog (D:6)
  3 scorpions
  2 howler monkeys
  A crimson imp (D:5)
  2 hounds
  A centaur skeleton (D:5)
  An orc wizard (D:5)
  Robin (D:2)
  4 adders
  3 gnolls (D:4)
  A shadow imp (D:5)
  An ooze (D:4)
  An adder skeleton (D:4)
  5 worms
  3 leopard geckos
  14 orcs
  6 ball pythons
  6 bats
  3 giant cockroaches
  22 goblins
  13 hobgoblins
  5 quokkas
  2 frilled lizards
  5 kobolds
  3 rats
112 creatures vanquished.

Notes
Turn   | Place    | Note
-------+----------+-------------------------------------------
     0 | D:1      | Kholdaimon the Merfolk Gladiator began the quest for the Orb.
     0 | D:1      | Reached XP level 1. HP: 16/16 MP: 1/1
   502 | D:1      | Reached XP level 2. HP: 22/23 MP: 2/2
   683 | D:2      | Reached XP level 3. HP: 21/28 MP: 3/3
   761 | D:2      | Reached skill level 4 in Long Blades
   940 | D:2      | Noticed Robin
  1068 | D:2      | Killed Robin
  1068 | D:2      | Reached XP level 4. HP: 26/35 MP: 4/4
  1463 | D:2      | Found a stormy altar of Qazlal.
  1879 | D:3      | Reached skill level 5 in Dodging
  1983 | D:3      | Found a faded altar of an unknown god.
  2059 | D:3      | Reached skill level 5 in Long Blades
  2249 | D:3      | Reached XP level 5. HP: 41/41 MP: 5/5
  2653 | D:4      | Found a shimmering altar of Xom.
  2938 | D:4      | Noticed an ogre
  2946 | D:4      | Killed an ogre
  2946 | D:4      | Reached skill level 6 in Long Blades
  2946 | D:4      | Reached XP level 6. HP: 47/47 MP: 6/6
  3627 | D:5      | Entered Level 5 of the Dungeon
  3634 | D:5      | Found Xinuahir's Antique Armour Shop.
  3652 | D:5      | Reached XP level 7. HP: 48/52 MP: 7/7
  3658 | D:5      | Reached skill level 7 in Long Blades
  3773 | D:5      | Found Ogugip's Weapon Shoppe.
  3802 | D:5      | Found Fefaew Nugus's Jewellery Boutique.
  4016 | D:5      | Found Jiasycho's Antique Weapon Emporium.
  4018 | D:5      | Noticed Sigmund
  4073 | D:5      | Killed Sigmund
  4151 | D:5      | Reached skill level 8 in Long Blades
  4274 | D:5      | Found Gul Vuk's Jewellery Shop.
  4345 | D:5      | Found a burning altar of Makhleb.
  4345 | D:5      | Found a hide-covered altar of Uskayaw.
  4400 | D:5      | Reached XP level 8. HP: 43/58 MP: 8/8
  4650 | D:6      | Mangled by an orc warrior

Vault maps used:
D:1:      dpeg_arrival_chase, serial_bayou, serial_bayou_pond_e,
          serial_bayou_shore_b
D:2:      lemuel_round_altar, first_ration, uniq_robin
D:3:      chequers_ecumenical_altar_simple_redux, roderic_roman_lattice
D:4:      xom_teletrap_fun, minmay_fountain_box
D:5:      grunt_temple_overflow_open, serial_shops, shop,
          nicolae_shop_waterfront, kennysheep_mini_moat,
          nicolae_shop_behind_doors, shop, uniq_sigmund
D:6:      lemuel_temple_firewalk_b

Skill      XL: |  1  2  3  4  5  6  7 |
---------------+----------------------+-----
Long Blades    | 4 5 6 8 |  8.7
Fighting       | 3 |  3.0
Dodging        | 5 6 7 |  7.7
Throwing       | |  2.0

Action                   |  1- 3 |  4- 6 |  7- 9 || total
-------------------------+-------+-------+-------++-------
Melee: Long sword        |    79 |   169 |    77 ||   325
       Tailslap          |     1 |       |     4 ||     5
Throw: Tomahawk          |     2 |     7 |    11 ||    20
  Use: Scroll            |       |    11 |       ||    11
       Potion            |       |     1 |       ||     1
 Stab: Sleeping          |       |     3 |       ||     3
       Distracted        |       |     1 |       ||     1
  Eat: Chunk             |       |     8 |     1 ||     9
       Ration            |       |     1 |       ||     1
Armor: Leather armour    |    15 |     6 |       ||    21
       Ring mail         |       |    39 |     6 ||    45
Dodge: Dodged            |    47 |   187 |    66 ||   300
       Rpst.: Long sword |    13 |    55 |    16 ||    84

Table legend:
 A = Spawn XP
 B = Non-spawn XP
 C = Spawn XP percentage of total XP
 D = Spawn monster count
 E = Non-spawn monster count
 F = Spawn count percentage of total count
 G = Total turns spent on level
                    A         B        C        D         E        F      G
               +---------+---------+-------+---------+---------+-------+---------
         Total |       0 |    1372 |   0.0 |       0 |     112 |   0.0 |  4650
               +---------+---------+-------+---------+---------+-------+---------
           D:1 |       0 |      11 |   0.0 |       0 |       6 |   0.0 |   630
           D:2 |       0 |     113 |   0.0 |       0 |      40 |   0.0 |  1075
           D:3 |       0 |      97 |   0.0 |       0 |      22 |   0.0 |   947
           D:4 |       0 |     395 |   0.0 |       0 |      26 |   0.0 |   989
           D:5 |       0 |     637 |   0.0 |       0 |      16 |   0.0 |   970
           D:6 |       0 |     119 |   0.0 |       0 |       2 |   0.0 |    39
               +---------+---------+-------+---------+---------+-------+---------
